 Dungeon Crawl Stone Soup version 0.26-a0-20-g5f92b90fa0 (webtiles) character file.

Game seed: 7156236951776671582, levelgen mode: deterministic

59 jlcercos the Grave Robber (level 4, -3/27 HPs)
             Began as a Halfling Necromancer on May 24, 2020.
             Was an Initiate of Yredelemnul.
             Slain by a gnoll
             ... wielding a +0 spear
              (9 damage)
             ... on level 2 of the Dungeon on May 25, 2020.
             The game lasted 00:32:29 (2761 turns).

jlcercos the Grave Robber (Halfling Necromancer)    Turns: 2761, Time: 00:32:30

Health: -3/27      AC:  3    Str: 13 (15) XL:     4   Next: 22%
Magic:  1/7        EV: 15    Int: 12 (14) God:    Yredelemnul [......]
Gold:   103        SH:  0    Dex: 13 (14) Spells: 5/7 levels left

rFire    . . .     SeeInvis .   i - +1 hand axe
rCold    . . .     Gourm    .   (shield restricted)
rNeg     . . .     Faith    .   b - +0 robe
rPois    .         Spirit   .   (no helmet)
rElec    .         Reflect  .   j - +0 cloak
rCorr    .         Harm     .   (no gloves)
MR       .....                  (no boots)
Stlth    ++........             (no amulet)
HPRegen  0.09/turn              l - +6 ring of strength
MPRegen  0.10/turn              (no ring)

@: mighty, very slightly contaminated
A: small, mutation resistance 1
a: Renounce Religion


You were on level 2 of the Dungeon.
You worshipped Yredelemnul.
Yredelemnul was noncommittal.
You were not hungry.

You visited 1 branch of the dungeon, and saw 2 of its levels.

You collected 103 gold pieces.

Inventory:

Hand Weapons
 f - a +0 hand axe
 i - a +1 hand axe (weapon)
Armour
 a - a +0 robe
 b - a +0 robe (worn)
 d - a +0 leather armour
 j - a +0 cloak (worn)
Jewellery
 l - a +6 ring of strength (left hand)
Scrolls
 h - 3 scrolls of identify
Potions
 g - a potion of might
 k - a potion of degeneration
Comestibles
 c - 3 chunks of flesh
 m - 2 rations


   Skills:
 + Level 0.5 Axes
 + Level 2.6 Dodging
 + Level 2.5 Stealth
 + Level 2.1 Spellcasting
 + Level 3.8 Necromancy


You had 5 spell levels left.
You knew the following spells:

 Your Spells              Type           Power        Failure   Level  Hunger
a - Pain                  Necr           ##..         5%          1    ##.....
b - Animate Skeleton      Necr           N/A          5%          1    ##.....

Your spell library contained the following spells:

 Spells                   Type           Power        Failure   Level  Hunger
 Vampiric Draining        Necr           ##........   17%         3    ####...
 Animate Dead             Necr           N/A          50%         4    #####..
 Agony                    Necr           ##......     83%         5    ######.


Dungeon Overview and Level Annotations

Branches:
Dungeon (2/15)

Altars:
Dithmenos
Okawaru
Vehumet
Yredelemnul


Innate Abilities, Weirdness & Mutations

You are small and have problems with some larger weapons.
You are somewhat resistant to further mutation.


Message History

You kill the gnoll!
Yredelemnul accepts your kill. The gnoll closely misses you.
Casting: Pain (safe; 5% risk of failure)
Confirm with . or Enter, or press ? or * to list all spells.
Aiming: Pain (safe; 5% risk of failure)
Press: ? - help, Shift-Dir - straight line, f/p - gnoll
Aim: a gnoll, wielding a +0 spear (heavily wounded, chance to defeat MR: 71%)
You miscast Pain.
You are very lightly contaminated with residual magic.
Nothing appears to happen.
The gnoll barely misses you.
Casting: Pain (safe; 5% risk of failure)
Confirm with . or Enter, or press ? or * to list all spells.
Aiming: Pain (safe; 5% risk of failure)
Press: ? - help, Shift-Dir - straight line, f/p - gnoll
Aim: a gnoll, wielding a +0 spear (heavily wounded, chance to defeat MR: 71%)
The gnoll struggles to resist.
The gnoll misses you. The gnoll hits you with a +0 spear!
You die...
Your body rises from the dead as a mindless zombie.

#........#
####g.......#
#...........#
#.##........####
#.##...........#
#.#######......#
#.# #......# # #g#
#......# # #@#
#......### #.#
##......... #.#
#.......... #.#
##.......... ###.#
#..._...#### #...#
##.....).##
#.######.........#
#.ZZ.Z......8.._.#
#######..........#


You could see a gnoll.

Vanquished Creatures
  A gnoll (D:2)
  An adder (D:2)
  An adder zombie (D:2)
  A leopard gecko (D:2)
  4 bats
  3 bat skeletons (D:2)
  2 hobgoblins
  3 frilled lizards
  4 goblins
  A jackal zombie (D:2)
  3 kobolds
  A leopard gecko skeleton (D:2)
  A quokka skeleton (D:2)
  5 rats (D:1)
31 creatures vanquished.

Vanquished Creatures (collateral kills)
  A gnoll (D:2)
  A giant cockroach (D:2)
2 creatures vanquished.

Grand Total: 33 creatures vanquished

Notes
Turn   | Place    | Note
-------+----------+-------------------------------------------
     0 | D:1      | jlcercos the Halfling Necromancer began the quest for the
                  | Orb.
     0 | D:1      | Reached XP level 1. HP: 11/11 MP: 3/3
     9 | D:1      | Learned a level 1 spell: Animate Skeleton
   635 | D:1      | Reached XP level 2. HP: 13/17 MP: 1/4
  1662 | D:2      | Reached XP level 3. HP: 9/21 MP: 5/5
  2322 | D:2      | Found a basalt altar of Yredelemnul.
  2333 | D:2      | Became a worshipper of Yredelemnul the Dark
  2334 | D:2      | Upgraded the game from 0.26-a0-8-gc4d20be10f to
                  | 0.26-a0-20-g5f92b90fa0
  2614 | D:2      | Found an iron altar of Okawaru.
  2622 | D:2      | Found a shadowy altar of Dithmenos.
  2622 | D:2      | Found a radiant altar of Vehumet.
  2737 | D:2      | Reached XP level 4. HP: 25/27 MP: 3/7
  2761 | D:2      | Slain by a gnoll

Illustrated notes

Levels and vault maps discovered:
D:1:      wheals_arrival_shading, layout_basic
D:2:      layout_basic, old_standard_altar, grunt_temple_overflow_open,
          serial_undead, serial_undead_c, serial_undead_a, serial_undead_c,
          serial_undead_e

Skill      XL: |  1  2  3 |
---------------+----------+-----
Spellcasting   | 2 |  2.1
Axes           | |  0.5
Dodging        | |  2.6
Stealth        | |  2.5
Necromancy     | |  3.8

Action                   |  1- 3 |  4- 6 || total
-------------------------+-------+-------++-------
Melee: Unarmed           |    33 |       ||    33
       Hand axe          |   127 |     4 ||   131
 Cast: Pain              |    36 |     4 ||    40
       Animate Skeleton  |    12 |       ||    12
  Use: Potion            |     5 |     3 ||     8
       Scroll            |     4 |       ||     4
  Eat: Chunk             |     2 |       ||     2
       Ration            |     2 |       ||     2
Armor: Robe              |    29 |       ||    29
Dodge: Dodged            |    77 |    12 ||    89

Table legend:
 A = Non-vault XP
 B = Vault XP
 C = Vault XP percentage of total XP
 D = Non-vault monster count
 E = Vault monster count
 F = Vault count percentage of total count
                 A         B        C        D         E       F
            +---------+---------+-------+---------+---------+-------
      Total |      72 |      13 |  15.3 |      26 |       7 |  21.2
            +---------+---------+-------+---------+---------+-------
        D:1 |      15 |       0 |   0.0 |      12 |       0 |   0.0
        D:2 |      57 |      13 |  18.6 |      14 |       7 |  33.3
            +---------+---------+-------+---------+---------+-------
